 Dungeon Sprint DCSS version 0.29-a0-723-gce39da1c22 (webtiles) character file.

Game seed: 11826198423808540946

1219 manyhoops the Slayer (level 8, -13/105 HPs)
             Began as a Minotaur Fighter on June 28, 2022.
             Was an Initiate of Trog.
             Mangled by a polar bear (22 damage)
             ... while paralysed by a hornet
             ... in the Dungeon (Sprint II: "The Violet Keep of Menkaure").
             The game lasted 00:03:14 (383 turns).

manyhoops the Slayer (Minotaur Fighter)              Turns: 383, Time: 00:03:15

Health: -13/105    AC: 12    Str: 24    XL:     8   Next: 23%
Magic:  6/6        EV:  2    Int:  5    God:    Trog [......]
Gold:   66         SH:  0    Dex:  9    Spells: 7/7 levels left

rFire   + . .      SeeInvis .   a - +0 war axe
rCold   . . .      Faith    .   c - +0 buckler
rNeg    . . .      Spirit   .   i - +3 chain mail {rF+}
rPois   .          Reflect  .   (helmet restricted)
rElec   .          Harm     .   (no cloak)
rCorr   .          Rampage  .   (no gloves)
Will    .....      NoTele   +   (no boots)
Stlth   ..........              (no amulet)
HPRegen 0.27/turn               (no ring)
MPRegen 0.10/turn               (no ring)

@: paralysed, lethally poisoned (-13 -> -38), hasted and slowed
A: horns 2, retaliatory headbutt, low MP 1
a: Renounce Religion


You were in the Dungeon.
You worshipped Trog.
Trog was noncommittal.
You visited 1 branch You collected 729 gold pieces.
You spent 663 gold pieces at shops.

Inventory:

Hand Weapons
 a - a +0 war axe (weapon)
Armour
 c - a +0 buckler (worn)
 i - a +3 chain mail of fire resistance (worn)
Scrolls
 j - a scroll of blinking
Potions
 e - 2 potions of curing
 f - 2 potions of heal wounds
 g - a potion of haste
 h - 2 potions of magic


   Skills:
 - Level 21.0 Fighting
 + Level 2.4 Axes
 - Level 3.6 Armour
 - Level 3.6 Shields


You had 7 spell levels left.
You didn't know any spells.
Your spell library was empty.

Dungeon Overview and Level Annotations

Branches:
Dungeon (1/1)

Altars:
Cheibriados
Dithmenos
Elyvilon
Fedhas
Gozag
Hepliaklqana
Kikubaaqudgha
Makhleb
Nemelex Xobeh
Okawaru
Qazlal
Ru
Sif Muna
Trog
Uskayaw
Vehumet
Wu Jian
Xom
Yredelemnul
Zin
The Shining One
Beogh
Jiyva
Lugonu

Shops:
D :!=??([(!=:(*[:

Annotations:
D exclusion: oklob plant


Innate Abilities, Weirdness & Mutations

You have a pair of horns on your head.
You reflexively headbutt those who attack you in melee.
Your magical capacity is low. (-10% MP)


Message History

The polar bear claws you but does no damage.
The polar bear claws you.
You hit the polar bear. You headbutt the polar bear.
The polar bear is severely wounded.
You closely miss the hornet. The hornet stings you!
You feel yourself slow down. The hornet stings you.
You are poisoned.
You feel as though you will be slow longer.
The polar bear bites you. The polar bear barely misses you.
The polar bear claws you.
You hit the polar bear.
The polar bear is severely wounded.
You barely miss the hornet.
You feel very sick.
The hornet stings you but does no damage.
The polar bear goes berserk!
The hornet stings you.
You feel as though you will be slow longer.
You closely miss the polar bear.
The polar bear is severely wounded.
You slash the hornet!
You feel very sick.
You block the polar bear's attack. x2; The polar bear completely misses you.
The hornet stings you!
You suddenly lose the ability to move!
The hornet stings you!
You are more poisoned.
You feel as though you will be slow longer.
The polar bear bites you! The polar bear completely misses you.
The polar bear claws you.
* * * LOW HITPOINT WARNING * * *
You feel very sick. The polar bear bites you!
* * * LOW HITPOINT WARNING * * *
The polar bear claws you but does no damage.
The polar bear barely misses you. The hornet stings you.
* * * LOW HITPOINT WARNING * * *
You are more poisoned.
You shrug off the repeated paralysis!
The hornet stings you but does no damage.
The polar bear bites you!!
You die... )#..# ...# ...# ...####..## #..# .# $)$ #'###.##..# +..# .#▓!!!)) #.###..#..# #..# .#▓$:$$$" .<.'.##'..### ..##.#▓($$!!(? #.###..#....###...##▓▓▓▓▓▓▓+ #+# #.##.§....≈chS≈≈≈≈≈≈≈≈≈ B#B

###≈≈.....h#y########+### .
..#≈≈≈≈§≈≈..≈#@h..._._#≈≈≈#
.
$##≈§≈§≈≈≈§.≈#...._._.#S§≈§
#
##≈≈≈≈§≈≈≈≈≈≈#..._._._#S≈§§
≈≈≈≈≈≈§≈≈§≈≈≈#.._._._.#≈≈≈§
+
+++#≈≈≈≈§≈≈§≈#._._._._#≈§≈≈
##§§≈###§≈#_._._._.#§§§≈
##§≈ #≈≈#._._._..#§§≈≈
#§≈#.._._._.#§§§≈
§§§§##########≈≈≈≈


You could see 3 polar bears, a yaktaur, a hornet and a water moccasin.

Vanquished Creatures
  A merfolk siren (D)
  4 neqoxecs (D)
  Menkaure (D)
  4 scorpions (D)
10 creatures vanquished.

Notes
Turn   | Place    | Note
-------+----------+-------------------------------------------
     0 | D        | manyhoops the Minotaur Fighter began the quest for the Orb.
     0 | D        | Reached XP level 1. HP: 19/19 MP: 0/0
     1 | D        | Noticed a merfolk siren
    14 | D        | Killed a merfolk siren
    15 | D        | Reached skill level 16 in Fighting
    15 | D        | Reached XP level 2. HP: 49/49 MP: 1/1
    15 | D        | Reached XP level 3. HP: 56/56 MP: 2/2
    15 | D        | Reached XP level 4. HP: 63/63 MP: 3/3
    15 | D        | Reached XP level 5. HP: 70/70 MP: 4/4
    15 | D        | Reached XP level 6. HP: 78/78 MP: 5/5
    30 | D        | Reached skill level 17 in Fighting
    34 | D        | Reached XP level 7. HP: 85/89 MP: 6/6
    37 | D        | Reached skill level 18 in Fighting
   109 | D        | Noticed a boulder beetle
   109 | D        | Noticed a boulder beetle
   112 | D        | Noticed a neqoxec
   112 | D        | Noticed a neqoxec
   112 | D        | Noticed a neqoxec
   112 | D        | Noticed a neqoxec
   121 | D        | Killed a neqoxec
   121 | D        | Gained mutation: Your magical capacity is low. (-10% MP) [a
                  | neqoxec]
   122 | D        | Reached skill level 19 in Fighting
   124 | D        | Killed a neqoxec
   125 | D        | Killed a neqoxec
   126 | D        | Reached skill level 20 in Fighting
   130 | D        | Killed a neqoxec
   131 | D        | Reached XP level 8. HP: 60/103 MP: 6/6
   258 | D        | Found Zutheidu's Distillery.
   258 | D        | Found Pami's Weapon Shop.
   258 | D        | Found Fogomar's Book Shop.
   258 | D        | Found Wuphurot's Antique Armour Shop.
   258 | D        | Found Isky's Antique Armour Boutique.
   259 | D        | Found Arauk's Book Shop.
   259 | D        | Found Vushrie's General Store.
   259 | D        | Found Pyweiluta's Antique Weapon Shop.
   259 | D        | Found Teasmeol's Antique Weapon Boutique.
   259 | D        | Found Uwuul Dik's Magic Scroll Shop.
   259 | D        | Found Ninalad's Magic Scroll Boutique.
   260 | D        | Found Xeebboisopn's Jewellery Shop.
   260 | D        | Found Yskysog's Jewellery Shop.
   260 | D        | Found Emadwil's Distillery.
   262 | D        | Noticed Menkaure
   262 | D        | Noticed an oklob plant
   263 | D        | Found Akly's Book Shoppe.
   274 | D        | Killed Menkaure
   275 | D        | Reached skill level 21 in Fighting
   298 | D        | Bought a spiked ring mail for 234 gold pieces
   298 | D        | Identified the +5 ring mail of the Fife {Rampage Str+2
                  | Int-5} (You bought it in a shop in the Dungeon)
   298 | D        | Bought a glowing chain mail for 195 gold pieces
   322 | D        | Bought a potion of heal wounds for 65 gold pieces
   322 | D        | Bought a potion of haste for 130 gold pieces
   322 | D        | Bought a potion of curing for 39 gold pieces
   348 | D        | Found a snail-covered altar of Cheibriados.
   349 | D        | Found a shadowy altar of Dithmenos.
   349 | D        | Found a viscous altar of Jiyva.
   349 | D        | Found a hazy altar of Hepliaklqana.
   350 | D        | Found a white marble altar of Elyvilon.
   350 | D        | Found an ancient bone altar of Kikubaaqudgha.
   350 | D        | Found a sacrificial altar of Ru.
   351 | D        | Found a blossoming altar of Fedhas.
   351 | D        | Found a corrupted altar of Lugonu.
   351 | D        | Found a shimmering blue altar of Sif Muna.
   352 | D        | Found an opulent altar of Gozag.
   352 | D        | Found a burning altar of Makhleb.
   352 | D        | Found a bloodstained altar of Trog.
   353 | D        | Found a sparkling altar of Nemelex Xobeh.
   353 | D        | Found a hide-covered altar of Uskayaw.
   354 | D        | Found a basalt altar of Yredelemnul.
   354 | D        | Noticed a polar bear
   355 | D        | Found an iron altar of Okawaru.
   355 | D        | Found a radiant altar of Vehumet.
   355 | D        | Found a glowing silver altar of Zin.
   355 | D        | Found a shimmering altar of Xom.
   355 | D        | Noticed a hornet
   355 | D        | Noticed a polar bear
   355 | D        | Noticed a polar bear
   356 | D        | Found a stormy altar of Qazlal.
   356 | D        | Found an ornate altar of the Wu Jian Council.
   356 | D        | Found a glowing golden altar of the Shining One.
   356 | D        | Noticed a yaktaur
   366 | D        | Became a worshipper of Trog the Wrathful
   382 | D        | Paralysed by a hornet for 2 turns
   383 | D        | Mangled by a polar bear

Illustrated notes

Levels and vault maps discovered:
D:        the_violet_keep_of_menkaure [sprint2_stairs_cluster_1,
          sprint2_shoproom, sprint2_temple, sprint2_basic_supplies,
          sprint2_obstacle_3, sprint2_obstacle_5, sprint2_obstacle_4,
          sprint2_obstacle_2, sprint2_obstacle_7, sprint2_timed_cluster_1,
          sprint2_smallroom_cluster_1, sprint2_smallroom_final_cluster_1,
          sprint2_transparent_cluster_1, sprint2_second_timed_cluster_1,
          sprint2_sniper_area_1, sprint2_heavy_combat_area_1,
          sprint2_mutation_trap_area_1, sprint2_forest_area_1,
          sprint2_light_combat_area_1, sprint2_behind_water_1,
          sprint2_near_end_vault_1]

Skill      XL: |  1  2  3  4  5  6  7  8 |
---------------+-------------------------+-----
Fighting       | 16 17 20 21 | 21.0
Axes           | |  2.4
Armour         | |  3.6
Shields        | |  3.6

Action                   |  1- 3 |  4- 6 |  7- 9 || total
-------------------------+-------+-------+-------++-------
Melee: War axe           |     9 |     8 |    30 ||    47
       Headbutt          |     1 |     1 |     4 ||     6
  Use: Potion            |     1 |       |     2 ||     3
Armor: Scale mail        |       |     4 |     8 ||    12
       Chain mail        |       |       |    14 ||    14
Dodge: Dodged            |     1 |     2 |    17 ||    20
Block: Buckler           |       |     2 |     6 ||     8

Table legend: (Time is in decaauts)
 A = Elapsed time spent in this place.
 B = Non-inter-level travel time spent in this place.
 C = Inter-level travel time spent in this place.
 D = Time resting spent in this place.
 E = Time spent auto-exploring this place.
 F = Levels seen in this place.
 G = Mean time per level.
                   A        B        C        D        E       F      G
               +--------+--------+--------+--------+--------+-----+--------+
         Total |    408 |    408 |      0 |    190 |      0 |   1 |  408.0 |
       Dungeon |    408 |    408 |      0 |    190 |      0 |   1 |  408.0 |
               +--------+--------+--------+--------+--------+-----+--------+

Top non-repeatable levels by time:
       D: 408 daAuts
